General information
- name: BNet
- type: Ladder team game (AT/RT)
- host: Battle.net
- saver: fuckingimpatien
map: Deathknell
- players: 8
- length: 38:55
- speed: Fast
- version: 1.27 W3XP
- replay type: Public
» download(264 KB)
Players
team 1 (winner)
fumbler (
red | 26 APM | 1012 actions | 38:55)
4 Blood Mage
3 Flame Strike
1 Banish
» actions
| Assign group hotkey | 14 | |
| Basic commands | 6 | |
| Build / train | 36 | |
| ESC pressed | 1 | |
| Enter build submenu | 17 | |
| Enter hero's abilities submenu | 5 | |
| Give item / drop item | 3 | |
| Right click | 559 | |
| Select / deselect | 229 | |
| Select group hotkey | 83 | |
| Use ability | 59 | |
1012 total
» units
| Peasant | 14 | |
| Ice Troll Berserker | 1 | |
| Mud Golem | 1 | |
| Gnoll Overseer | 1 | |
| Gryphon Rider | 4 | |
21 total
» buildings
| Altar of Kings | 1 | |
| Farm | 8 | |
| Lumber Mill | 3 | |
| Arcane Vault | 1 | |
| Keep | 1 | |
| Castle | 1 | |
| Gryphon Aviary | 1 | |
| Blacksmith | 1 | |
17 total
» build order
00:15 Altar of Kings
00:22 Farm
00:39 Lumber Mill
01:04 Farm
01:10 Farm
01:24 Arcane Vault
03:08 Keep
03:44 Farm
04:24 Farm
06:00 Castle
07:53 Farm
08:50 Lumber Mill
08:54 Lumber Mill
08:56 Farm
09:44 Gryphon Aviary
09:46 Blacksmith
11:38 Farm
» items
| Rod of Necromancy | 1 | |
| Healing Salve | 2 | |
| Scroll of Speed | 2 | |
| Orb of Lightning | 1 | |
| Scroll of Town Portal | 1 | |
7 total
fuckingimpatien (
green | 96 APM | 3753 actions | 38:55)
6 Death Knight
3 Death Coil
2 Unholy Aura
1 Animate Dead
5 Lich
3 Frost Nova
2 Frost Armor
» actions
| Assign group hotkey | 69 | |
| Basic commands | 104 | |
| Build / train | 169 | |
| ESC pressed | 3 | |
| Enter build submenu | 37 | |
| Enter hero's abilities submenu | 11 | |
| Give item / drop item | 4 | |
| Remove unit from queue | 1 | |
| Right click | 1425 | |
| Select / deselect | 504 | |
| Select group hotkey | 1004 | |
| Use ability | 422 | |
3753 total
» units
| Acolyte | 22 | |
| Ghoul | 3 | |
| Crypt Fiend | 12 | |
| Goblin Shredder | 5 | |
| Obsidian Statue | 6 | |
| Abomination | 3 | |
| Goblin Sapper | 2 | |
| Frost Wyrm | 2 | |
| Goblin Zeppelin | 2 | |
57 total
» upgrades
| Creature Attack | 3 | |
| Web | 1 | |
| Burrow | 1 | |
| Creature Carapace | 3 | |
| Destroyer Form | 1 | |
| Disease Cloud | 1 | |
| Unholy Armor | 3 | |
| Unholy Strength | 3 | |
| Freezing Breath | 1 | |
| Ghoul Frenzy | 1 | |
| Cannibalize | 1 | |
| Exhume Corpses | 1 | |
| Backpack | 1 | |
| Stone Form | 1 | |
22 total
» buildings
| Graveyard | 1 | |
| Crypt | 2 | |
| Altar of Darkness | 1 | |
| Ziggurat | 18 | |
| Tomb of Relics | 1 | |
| Nerubian Tower | 13 | |
| Necropolis | 3 | |
| Halls of the Dead | 5 | |
| Spirit Tower | 15 | |
| Black Citadel | 3 | |
| Slaughterhouse | 2 | |
| Sacrificial Pit | 1 | |
| Boneyard | 2 | |
67 total
» build order
00:07 Graveyard
00:12 Crypt
00:41 Altar of Darkness
00:56 Ziggurat
01:11 Tomb of Relics
02:01 Ziggurat
04:03 Ziggurat
05:26 Ziggurat
05:36 Ziggurat
05:39 Ziggurat
05:40 Ziggurat
06:47 Nerubian Tower
06:50 Necropolis
07:05 Halls of the Dead
07:06 Halls of the Dead
07:06 Halls of the Dead
07:24 Spirit Tower
07:55 Nerubian Tower
07:56 Nerubian Tower
07:56 Nerubian Tower
08:00 Spirit Tower
08:08 Spirit Tower
08:08 Spirit Tower
11:34 Ziggurat
11:36 Ziggurat
11:47 Ziggurat
11:53 Black Citadel
11:53 Black Citadel
12:04 Slaughterhouse
12:05 Sacrificial Pit
12:45 Crypt
12:49 Spirit Tower
12:50 Nerubian Tower
12:55 Spirit Tower
14:50 Slaughterhouse
15:08 Necropolis
15:55 Necropolis
19:40 Ziggurat
19:41 Ziggurat
22:42 Nerubian Tower
22:42 Nerubian Tower
22:42 Spirit Tower
22:42 Spirit Tower
22:43 Spirit Tower
22:45 Ziggurat
22:47 Ziggurat
23:36 Spirit Tower
23:37 Spirit Tower
23:37 Spirit Tower
23:39 Nerubian Tower
23:39 Nerubian Tower
23:39 Nerubian Tower
24:24 Boneyard
24:25 Boneyard
35:12 Ziggurat
35:13 Ziggurat
35:18 Ziggurat
38:09 Ziggurat
» items
| Rod of Necromancy | 2 | |
| Sacrificial Skull | 4 | |
| Potion of Healing | 2 | |
| Scroll of Town Portal | 4 | |
| Potion of Mana | 1 | |
| Orb of Corruption | 2 | |
| Scroll of Healing | 1 | |
| Orb of Lightning | 1 | |
| Healing Salve | 1 | |
| Tiny Great Hall | 1 | |
19 total
EAMMAEATSON (
blue | 63 APM | 2469 actions | 38:55)
5 Blademaster
3 Wind Walk
2 Critical Strike
4 Shadow Hunter
2 Hex
2 Healing Wave
» actions
| Assign group hotkey | 40 | |
| Basic commands | 36 | |
| Build / train | 78 | |
| Enter build submenu | 18 | |
| Enter hero's abilities submenu | 9 | |
| Give item / drop item | 1 | |
| Remove unit from queue | 1 | |
| Right click | 1191 | |
| Select / deselect | 312 | |
| Select group hotkey | 656 | |
| Use ability | 127 | |
2469 total
» units
| Peon | 9 | |
| Goblin Shredder | 2 | |
| Wind Rider | 13 | |
| Troll Batrider | 3 | |
| Goblin Sapper | 11 | |
| Raider | 2 | |
40 total
» upgrades
| Reinforced Defenses | 1 | |
| Envenomed Spears | 1 | |
| Ranged Weapons | 2 | |
| Armor | 2 | |
6 total
» buildings
| Altar of Storms | 1 | |
| Orc Burrow | 4 | |
| War Mill | 1 | |
| Voodoo Lounge | 1 | |
| Stronghold | 1 | |
| Watch Tower | 7 | |
| Beastiary | 2 | |
| Fortress | 2 | |
| Great Hall | 1 | |
| Barracks | 2 | |
22 total
» build order
00:08 Altar of Storms
00:13 Orc Burrow
01:19 War Mill
01:23 Voodoo Lounge
02:10 Stronghold
02:28 Orc Burrow
02:57 Watch Tower
03:06 Watch Tower
03:17 Watch Tower
04:15 Watch Tower
04:16 Watch Tower
05:48 Beastiary
05:53 Beastiary
06:23 Orc Burrow
06:25 Orc Burrow
06:39 Fortress
06:39 Fortress
13:49 Great Hall
14:44 Watch Tower
14:44 Watch Tower
25:31 Barracks
25:34 Barracks
» items
| Healing Salve | 4 | |
| Lesser Clarity Potion | 3 | |
| Orb of Lightning | 2 | |
| Potion of Healing | 1 | |
| Scroll of Town Portal | 3 | |
| Tiny Great Hall | 1 | |
14 total
shakyra (
yellow | 83 APM | 3247 actions | 38:55)
6 Tauren Chieftain
2 War Stomp
3 Endurance Aura
1 Reincarnation
3 Shadow Hunter
1 Hex
2 Healing Wave
» actions
| Assign group hotkey | 33 | |
| Basic commands | 53 | |
| Build / train | 78 | |
| Enter build submenu | 40 | |
| Enter hero's abilities submenu | 9 | |
| Give item / drop item | 2 | |
| Right click | 1971 | |
| Select / deselect | 632 | |
| Select group hotkey | 245 | |
| Use ability | 184 | |
3247 total
» units
| Peon | 21 | |
| Grunt | 7 | |
| Gnoll Overseer | 1 | |
| Troll Batrider | 8 | |
| Shaman | 4 | |
| Wind Rider | 3 | |
44 total
» upgrades
| Berserker Strength | 1 | |
| Armor | 1 | |
| Melee Weapons | 1 | |
| Reinforced Defenses | 1 | |
| Liquid Fire | 1 | |
| Envenomed Spears | 1 | |
| Shaman Training | 2 | |
| Ranged Weapons | 2 | |
| Spiked Barricades | 1 | |
| Spirit Walker Training | 1 | |
12 total
» buildings
| Altar of Storms | 2 | |
| Orc Burrow | 8 | |
| Barracks | 1 | |
| Voodoo Lounge | 1 | |
| Stronghold | 1 | |
| War Mill | 1 | |
| Fortress | 1 | |
| Great Hall | 2 | |
| Watch Tower | 10 | |
| Spirit Lodge | 1 | |
| Beastiary | 2 | |
30 total
» build order
00:07 Altar of Storms
00:17 Orc Burrow
00:37 Barracks
01:27 Orc Burrow
02:00 Voodoo Lounge
02:56 Orc Burrow
03:57 Stronghold
05:48 War Mill
06:34 Orc Burrow
07:02 Orc Burrow
07:24 Fortress
08:58 Orc Burrow
10:40 Great Hall
10:41 Watch Tower
10:41 Watch Tower
11:01 Spirit Lodge
11:04 Beastiary
11:05 Beastiary
12:08 Orc Burrow
12:10 Orc Burrow
14:17 Watch Tower
14:19 Watch Tower
14:20 Watch Tower
24:09 Altar of Storms
25:09 Great Hall
25:11 Watch Tower
25:13 Watch Tower
25:14 Watch Tower
25:17 Watch Tower
27:58 Watch Tower
» items
| Healing Salve | 4 | |
| Lesser Clarity Potion | 2 | |
| Orb of Lightning | 1 | |
| Potion of Healing | 1 | |
8 total
team 2 (loser)

»
P12ACTICE (
purple | 86 APM | 1983 actions | 23:03)
4 Death Knight
2 Death Coil
2 Unholy Aura
2 Lich
2 Frost Nova
1 Crypt Lord
1 Impale
» actions
| Assign group hotkey | 1 | |
| Basic commands | 144 | |
| Build / train | 101 | |
| Enter build submenu | 21 | |
| Enter hero's abilities submenu | 7 | |
| Give item / drop item | 2 | |
| Remove unit from queue | 9 | |
| Right click | 1057 | |
| Select / deselect | 528 | |
| Select group hotkey | 3 | |
| Use ability | 110 | |
1983 total
» units
| Acolyte | 3 | |
| Ghoul | 5 | |
| Crypt Fiend | 12 | |
| Obsidian Statue | 4 | |
| Shaman | 4 | |
| Wind Rider | 4 | |
| Troll Headhunter/Berserker | 3 | |
| Raider | 2 | |
| Abomination | 4 | |
| Peon | -3 | |
38 total
» upgrades
| Web | 1 | |
| Shaman Training | 2 | |
| Destroyer Form | 1 | |
| Troll Regeneration | 1 | |
| Witch Doctor Training | 1 | |
| Disease Cloud | 1 | |
| Creature Attack | 1 | |
8 total
» buildings
| Crypt | 1 | |
| Graveyard | 1 | |
| Altar of Darkness | 1 | |
| Ziggurat | 6 | |
| Tomb of Relics | 1 | |
| Halls of the Dead | 2 | |
| Slaughterhouse | 2 | |
| Spirit Tower | 4 | |
| Nerubian Tower | 1 | |
| Black Citadel | 1 | |
| Great Hall | 1 | |
| Fortress | 5 | |
| Sacrificial Pit | 1 | |
27 total
» build order
00:24 Crypt
00:28 Graveyard
00:46 Altar of Darkness
00:59 Ziggurat
01:29 Tomb of Relics
01:41 Ziggurat
04:19 Halls of the Dead
04:23 Ziggurat
06:30 Ziggurat
06:33 Ziggurat
06:48 Slaughterhouse
06:56 Slaughterhouse
08:45 Spirit Tower
08:45 Spirit Tower
08:49 Spirit Tower
08:49 Spirit Tower
08:51 Nerubian Tower
10:05 Black Citadel
10:39 Great Hall
14:22 Fortress
14:34 Fortress
14:34 Fortress
16:26 Ziggurat
19:09 Sacrificial Pit
» items
| Rod of Necromancy | 2 | |
| Scroll of Regeneration | 2 | |
| Lesser Clarity Potion | 1 | |
| Potion of Healing | 2 | |
| Orb of Corruption | 1 | |
| Potion of Mana | 1 | |
| Scroll of Town Portal | 1 | |
10 total
TotalNewbs (
pink | 36 APM | 864 actions | 24:08)
4 Archmage
2 Summon Water Elemental
2 Brilliance Aura
» actions
| Basic commands | 28 | |
| Build / train | 94 | |
| Enter build submenu | 23 | |
| Enter hero's abilities submenu | 4 | |
| Give item / drop item | 1 | |
| Remove unit from queue | 6 | |
| Right click | 247 | |
| Select / deselect | 334 | |
| Use ability | 127 | |
864 total
» units
| Peasant | 15 | |
| Dragonhawk Rider | 30 | |
| Gryphon Rider | 4 | |
| Sorceress | 7 | |
| Shaman | 1 | |
| Spell Breaker | 1 | |
58 total
» upgrades
| Gunpowder | 0 | |
| Armor | 3 | |
| Swords | 3 | |
| Lumber Harvesting | 1 | |
| Cloud | 1 | |
| Animal War Training | 1 | |
| Storm Hammers | 1 | |
10 total
» buildings
| Lumber Mill | 1 | |
| Farm | 11 | |
| Scout Tower | 1 | |
| Altar of Kings | 1 | |
| Arcane Tower | 1 | |
| Blacksmith | 1 | |
| Barracks | 1 | |
| Keep | 4 | |
| Arcane Vault | 1 | |
| Castle | 1 | |
| Gryphon Aviary | 3 | |
| Town Hall | 1 | |
| Arcane Sanctum | 1 | |
28 total
» build order
00:24 Lumber Mill
01:07 Farm
01:23 Scout Tower
01:44 Farm
01:52 Altar of Kings
01:54 Arcane Tower
02:22 Blacksmith
02:58 Barracks
03:05 Keep
03:05 Keep
03:06 Keep
03:36 Farm
04:20 Farm
04:59 Farm
05:18 Arcane Vault
05:27 Castle
05:30 Gryphon Aviary
05:35 Gryphon Aviary
05:38 Gryphon Aviary
07:01 Farm
07:41 Farm
08:23 Farm
11:49 Town Hall
14:21 Arcane Sanctum
16:14 Farm
16:53 Farm
17:33 Farm
» items
| Scroll of Regeneration | 3 | |
| Potion of Healing | 5 | |
| Scroll of Town Portal | 1 | |
9 total
KnifeInTheDark (
orange | 72 APM | 2811 actions | 38:55)
10 Blademaster
3 Wind Walk
3 Critical Strike
1 Bladestorm
3 Mirror Image
» actions
| Assign group hotkey | 36 | |
| Basic commands | 19 | |
| Build / train | 83 | |
| Enter build submenu | 66 | |
| Enter hero's abilities submenu | 11 | |
| Give item / drop item | 13 | |
| Right click | 1404 | |
| Select / deselect | 372 | |
| Select group hotkey | 583 | |
| Use ability | 224 | |
2811 total
» units
| Peon | 9 | |
| Grunt | 5 | |
| Goblin Shredder | 1 | |
| Troll Batrider | 4 | |
| Goblin Sapper | 4 | |
| Wind Rider | 3 | |
26 total
» upgrades
| Reinforced Defenses | 2 | |
| Ranged Weapons | 3 | |
| Armor | 3 | |
| Liquid Fire | 1 | |
| Troll Regeneration | 1 | |
| Envenomed Spears | 1 | |
| Spiked Barricades | 3 | |
| Ensnare | 1 | |
| Pillage | 1 | |
| Melee Weapons | 3 | |
19 total
» buildings
| Orc Burrow | 9 | |
| Altar of Storms | 3 | |
| Barracks | 2 | |
| Voodoo Lounge | 3 | |
| Stronghold | 1 | |
| Great Hall | 6 | |
| War Mill | 2 | |
| Fortress | 1 | |
| Beastiary | 6 | |
| Watch Tower | 49 | |
82 total
» build order
00:16 Orc Burrow
01:02 Altar of Storms
01:04 Barracks
01:07 Altar of Storms
01:13 Orc Burrow
02:12 Voodoo Lounge
02:53 Stronghold
03:54 Orc Burrow
04:47 Great Hall
05:14 War Mill
06:31 Fortress
06:33 Beastiary
06:34 Beastiary
06:39 Orc Burrow
09:07 Beastiary
09:07 Beastiary
09:13 Beastiary
09:13 Beastiary
09:16 Orc Burrow
09:16 Orc Burrow
09:18 Watch Tower
09:19 Watch Tower
09:19 Watch Tower
09:23 Watch Tower
09:28 Barracks
09:29 Watch Tower
09:31 Watch Tower
09:33 Watch Tower
09:52 Watch Tower
09:54 Watch Tower
09:55 Watch Tower
09:57 Watch Tower
13:37 War Mill
22:02 Watch Tower
22:02 Watch Tower
22:02 Watch Tower
22:04 Watch Tower
22:04 Watch Tower
22:07 Watch Tower
22:08 Watch Tower
22:08 Watch Tower
22:09 Watch Tower
22:09 Watch Tower
22:13 Watch Tower
22:13 Watch Tower
22:13 Watch Tower
22:14 Watch Tower
22:14 Watch Tower
22:18 Great Hall
22:19 Watch Tower
22:19 Watch Tower
22:20 Watch Tower
22:20 Watch Tower
24:57 Orc Burrow
24:59 Orc Burrow
27:35 Altar of Storms
27:36 Orc Burrow
30:28 Great Hall
32:36 Voodoo Lounge
33:21 Great Hall
33:25 Watch Tower
33:25 Watch Tower
33:25 Watch Tower
33:26 Watch Tower
33:27 Watch Tower
33:27 Watch Tower
33:27 Watch Tower
33:29 Watch Tower
33:29 Watch Tower
33:30 Watch Tower
33:33 Voodoo Lounge
33:35 Watch Tower
33:35 Watch Tower
36:06 Great Hall
36:10 Watch Tower
36:10 Watch Tower
36:11 Watch Tower
37:54 Great Hall
» items
| Healing Salve | 7 | |
| Potion of Mana | 6 | |
| Lesser Clarity Potion | 6 | |
| Potion of Healing | 2 | |
| Scroll of Town Portal | 1 | |
| Orb of Lightning | 1 | |
23 total

»
virginity (
teal | 64 APM | 670 actions | 10:28)
4 Blademaster
2 Wind Walk
2 Critical Strike
1 Shadow Hunter
1 Hex
» actions
| Assign group hotkey | 14 | |
| Basic commands | 19 | |
| Build / train | 37 | |
| Enter build submenu | 16 | |
| Enter hero's abilities submenu | 5 | |
| Remove unit from queue | 3 | |
| Right click | 291 | |
| Select / deselect | 102 | |
| Select group hotkey | 142 | |
| Use ability | 41 | |
670 total
» units
| Peon | 8 | |
| Grunt | 3 | |
| Ice Troll Berserker | 1 | |
| Ice Troll Trapper | 2 | |
| Goblin Shredder | 1 | |
| Raider | 1 | |
16 total
» upgrades
» buildings
| Altar of Storms | 1 | |
| Orc Burrow | 5 | |
| Barracks | 1 | |
| Voodoo Lounge | 1 | |
| Stronghold | 1 | |
| War Mill | 1 | |
| Beastiary | 1 | |
| Spirit Lodge | 1 | |
12 total
» build order
00:10 Altar of Storms
00:14 Orc Burrow
01:27 Barracks
01:52 Orc Burrow
01:57 Voodoo Lounge
02:55 Stronghold
04:49 War Mill
05:41 Orc Burrow
05:44 Beastiary
05:46 Spirit Lodge
05:48 Orc Burrow
07:43 Orc Burrow
» items
| Healing Salve | 5 | |
| Scroll of Speed | 2 | |
| Lesser Clarity Potion | 1 | |
8 total
Chat log
(00:24 / 5) KnifeInTheDark: it says you're invalid
(00:30 / All) EAMMAEATSON: we cant add cuz of ur cuss word
(00:31 / 8) fuckingimpatien: the fuck
(00:33 / 8) fuckingimpatien: does that mean
(00:34 / 8) fuckingimpatien: oh
(00:35 / 5) KnifeInTheDark: dunno how it let you make that name
(00:35 / 8) fuckingimpatien: lawl
(00:37 / 5) KnifeInTheDark: invalid user
(00:48 / 8) fuckingimpatien: wtf
(00:51 / All) EAMMAEATSON: u may have got muted rod lawl
(00:59 / All) fuckingimpatien: can you see this
(01:10 / All) EAMMAEATSON: ya
(01:17 / All) fuckingimpatien: I don't think I'm muted
(01:20 / All) fuckingimpatien: I have a swear in my name
(01:26 / All) fuckingimpatien: and I dunno why it let me make it lol
(01:32 / All) fuckingimpatien: so you can't whisper me or anything
(01:37 / 8) fuckingimpatien: letr's use this private shit lawl I guess
(01:42 / All) EAMMAEATSON: u shouldnt cuss man. its not good
(01:44 / 8) fuckingimpatien: I'll just tell you shit since you aren't jake
(01:52 / All) fuckingimpatien: fuck you bitch
(01:53 / All) fuckingimpatien: lawl
(02:05 / 8) fuckingimpatien: I'm top river
(02:06 / All) EAMMAEATSON: this is like a low ell chill game
(02:16 / 8) fuckingimpatien: oh you're on my team LOL
(02:18 / All) virginity: thake these fukcers
(02:24 / All) KnifeInTheDark: I had 2 peon selected only 1 wanted to build barracks and altar
(02:27 / All) KnifeInTheDark: messed up me early build
(02:28 / 7) fuckingimpatien: use private
(02:33 / 7) fuckingimpatien: since we can't /f m and bob is on my team
(02:37 / 7) fuckingimpatien: I'm top river he's bot river
(02:46 / All) EAMMAEATSON: im on ur team rod lol
(02:50 / 7) fuckingimpatien: oh
(02:56 / 7) fuckingimpatien: fuck just thought you were turncoat wtf is wrong with me
(03:05 / 8) fuckingimpatien: I'm top river he's bot river
(04:31 / Allies) fuckingimpatien: shoo red
(04:33 / Allies) fuckingimpatien: I don't want ur help
(04:53 / Allies) fumbler: needed to heal anyways
(04:58 / Allies) fuckingimpatien: good lawl
(05:03 / Allies) fuckingimpatien: nothing personal
(05:08 / Allies) shakyra: im low
(05:44 / Allies) fuckingimpatien: don't follow me creeping
(05:58 / Allies) fuckingimpatien: shoo
(06:10 / 5) KnifeInTheDark: boots of speed bm single stabber side
(06:44 / Allies) EAMMAEATSON: bats or wyverns for me?
(07:00 / Allies) fuckingimpatien: bats
(07:11 / Allies) EAMMAEATSON: whos to left of me ud?
(07:15 / Allies) fuckingimpatien: yea
(07:24 / Allies) EAMMAEATSON: wyvern then
(07:27 / All) virginity: get
(07:58 / Allies) fumbler: help
(08:00 / Allies) EAMMAEATSON: we hit in 2 min bot left guys k?
(08:04 / Allies) fuckingimpatien: noob lol
(08:16 / Allies) shakyra: is this guy serious?
(08:21 / Allies) fuckingimpatien: I played with red last game earlier
(08:23 / Allies) fuckingimpatien: he sucks ass
(08:28 / All) KnifeInTheDark: drop flute
(08:31 / Allies) fuckingimpatien: not even worth helping him
(08:34 / All) KnifeInTheDark: and I spare you
(08:39 / Allies) fuckingimpatien: drop it red
(08:43 / Allies) fuckingimpatien: drop it so he leaves you alone
(08:45 / Allies) fuckingimpatien: or not noob lol
(08:47 / All) KnifeInTheDark: YOU WERE WARNED
(08:52 / All) KnifeInTheDark: IT DIDNT HAVE TO BE LIKE THAT
(09:10 / Allies) fuckingimpatien: wow 2 pendants
(09:12 / Allies) fuckingimpatien: on this map
(09:15 / All) fuckingimpatien: 2 pendants on this map
(09:30 / Allies) fumbler: this is why you creep together
(09:32 / 8) fuckingimpatien: that's me
(09:45 / Allies) fuckingimpatien: help
(10:05 / Allies) fuckingimpatien: help idiots
(10:17 / Allies) fumbler: you killed all my units
(10:26 / All) virginity: GG OJ IS AFK
(10:31 / All) KnifeInTheDark: lol
(10:32 / All) fuckingimpatien: RAPED
(10:49 / All) TotalNewbs: gg
(11:16 / All) EAMMAEATSON: uh u said gg
(11:17 / All) EAMMAEATSON: so leave retard
(11:32 / Allies) shakyra: rofl
(11:34 / All) P12ACTICE: he did. You are not smart.
(12:19 / All) fuckingimpatien: +6 str belt
(12:20 / Allies) fumbler: green
(12:20 / All) fuckingimpatien: 2 pendants
(12:23 / Allies) fumbler: your a douche
(12:24 / All) fuckingimpatien: and no one good to use em against
(12:28 / Allies) fuckingimpatien: you're trash
(13:15 / All) fuckingimpatien: more xp for me woot
(13:17 / All) fuckingimpatien: red hero dead
(13:44 / All) EAMMAEATSON: pink u are the biggest try hard ever
(14:12 / All) fuckingimpatien: lol
(14:22 / Allies) EAMMAEATSON: come green
(14:40 / All) KnifeInTheDark: fumbler = big noob
(14:46 / All) KnifeInTheDark: raped
(15:01 / Allies) shakyra: ge texpo
(15:05 / All) fumbler: sure
(15:07 / All) KnifeInTheDark: leave rookie
(15:10 / All) EAMMAEATSON: come to us rod
(15:12 / Allies) EAMMAEATSON: hel
(15:22 / All) KnifeInTheDark: cry about it on your tumblr, fumbler
(15:23 / All) fuckingimpatien: I only ever attacked your hero
(15:25 / All) fuckingimpatien: I knew you sucked
(15:25 / All) KnifeInTheDark: don't wanna hear it
(15:30 / All) fuckingimpatien: I didn't want you to steal my experience points
(15:32 / All) fuckingimpatien: I'm better than you
(15:49 / All) fuckingimpatien: I'll take your mine now that orange has gotten rid of you
(15:59 / All) fuckingimpatien: was a waste on you from the start honestly
(16:42 / Allies) EAMMAEATSON: get fucking untis yellow
(16:43 / Allies) EAMMAEATSON: wow
(17:01 / Allies) EAMMAEATSON: rod
(17:05 / Allies) EAMMAEATSON: y are u hitting teal he left
(17:09 / Allies) fuckingimpatien: xp
(17:15 / Allies) fuckingimpatien: he was free xp near me
(17:26 / Allies) fuckingimpatien: omw for fighting real enemies now
(17:27 / Allies) EAMMAEATSON: well help bottom
(17:56 / 5) KnifeInTheDark: move
(18:02 / 8) fuckingimpatien: k
(18:04 / Allies) EAMMAEATSON: focus heroes
(18:06 / Allies) shakyra: hjelp
(18:07 / Allies) shakyra: PL
(18:07 / Allies) EAMMAEATSON: pink am
(19:04 / Allies) shakyra: LMAO
(19:42 / Allies) shakyra: wtf
(19:44 / Allies) shakyra: how did my expo die
(19:44 / Allies) shakyra: lol
(20:00 / All) fuckingimpatien: trash lol
(20:25 / All) TotalNewbs: orange blows sick 8000 gold
(20:30 / All) fuckingimpatien: you blow more
(20:33 / All) fuckingimpatien: than anyone else
(20:37 / All) fuckingimpatien: you're total trash
(20:38 / All) EAMMAEATSON: stfu pink u nigger
(20:40 / All) fuckingimpatien: the weak point of your team
(20:40 / All) TotalNewbs: 4 vs 2 kid
(20:41 / All) EAMMAEATSON: try hard nigger
(20:44 / All) TotalNewbs: bitch ass nigger
(20:46 / All) fuckingimpatien: I had red
(20:46 / All) TotalNewbs: not black
(20:48 / All) EAMMAEATSON: leave fag
(20:48 / All) fuckingimpatien: More like 3v3
(20:56 / Allies) shakyra: main
(20:59 / All) KnifeInTheDark: "4"
(21:02 / All) KnifeInTheDark: I eliinated
(21:09 / All) fuckingimpatien: out
(21:12 / All) fuckingimpatien: LOL
(21:13 / Allies) shakyra: so much bm
(21:39 / All) EAMMAEATSON: nice tp
(21:39 / All) fumbler: was my strat all along actrually
(21:40 / All) EAMMAEATSON: retard
(21:55 / All) fuckingimpatien: out pink
(22:04 / All) fuckingimpatien: oh red has a bm?
(22:07 / All) fuckingimpatien: wow it's been leeching our xp
(22:11 / All) fuckingimpatien: get out you pile of shit
(22:14 / All) fuckingimpatien: you stole my fucking xp
(22:15 / All) fuckingimpatien: gtfo red
(22:21 / All) TotalNewbs: you won by default
(22:23 / All) TotalNewbs: chimp boys
(22:27 / All) fuckingimpatien: out bottom bitch
(22:29 / All) EAMMAEATSON: stfu pink out
(22:29 / All) fuckingimpatien: you got raped pink
(22:30 / All) EAMMAEATSON: lol
(22:31 / All) EAMMAEATSON: noob
(22:39 / All) TotalNewbs: chimp faced newb orc boy blue
(22:42 / All) TotalNewbs: puzzy
(22:47 / All) EAMMAEATSON: u lost ur hero every battle lolz
(22:49 / All) EAMMAEATSON: fucking noob
(22:54 / All) TotalNewbs: blue thinks he is good
(22:55 / All) fuckingimpatien: pink is free xp to me
(22:59 / All) EAMMAEATSON: out lol
(23:01 / Allies) fuckingimpatien: don't attack altar
(23:04 / Allies) fuckingimpatien: let him get hero back
(23:04 / Allies) EAMMAEATSON: talkshit to pink hes mad
(23:04 / All) TotalNewbs: because his chimp ass got carried
(23:05 / Allies) fuckingimpatien: and nuke it
(23:07 / All) TotalNewbs: what a monkey
(23:10 / All) EAMMAEATSON: out pink
(23:11 / All) TotalNewbs: get back in the cage boy
(23:12 / All) EAMMAEATSON: baby
(23:17 / All) fuckingimpatien: raped again
(23:19 / All) fuckingimpatien: nice am LOL
(23:26 / All) fuckingimpatien: nice job using your tp retard
(23:26 / All) TotalNewbs: gg chimpsters
(23:29 / All) EAMMAEATSON: time to alt qq pink u got raped
(23:31 / All) fuckingimpatien: out, trash
(23:38 / All) fumbler: green thinks he's hard
(23:44 / All) TotalNewbs: Trust Me you suck at this game
(23:48 / All) KnifeInTheDark: ya kilt me rod
(23:51 / All) EAMMAEATSON: mad
(23:53 / All) EAMMAEATSON: KODO #1
(23:55 / All) EAMMAEATSON: BIATCH
(24:02 / All) fuckingimpatien: nice copying our strat badly red
(24:04 / All) fuckingimpatien: you suck ass
(24:04 / All) TotalNewbs: he won once hahahahahhh
(24:08 / All) KnifeInTheDark: ya kilt me rod
(24:47 / Allies) fumbler: lol
(24:51 / Allies) fuckingimpatien: out
(24:54 / Allies) fuckingimpatien: you're worse than pink
(25:11 / 5) KnifeInTheDark: i wanna kill yellow
(25:17 / 8) fuckingimpatien: kill red bm if you see it
(25:19 / 8) fuckingimpatien: going bot your side
(25:24 / Allies) shakyra: gold bros?
(25:26 / 8) fuckingimpatien: he tried flame striking my acos lol
(25:27 / 5) KnifeInTheDark: have to revive hero
(25:29 / 5) KnifeInTheDark: ur aboms got me
(25:47 / Allies) fuckingimpatien: thanks for the gold mine btw red
(26:04 / 5) KnifeInTheDark: leave yellla to me
(26:09 / 8) fuckingimpatien: k
(26:22 / All) EAMMAEATSON: how did i get flute
(26:30 / All) fuckingimpatien: red gave you it I guess
(26:42 / Allies) fuckingimpatien: out noob red
(26:51 / 8) fuckingimpatien: ty
(27:36 / All) EAMMAEATSON: pink purple were gay to deal with . yellow at leasthad it righ tto focus heroes but he had no units to kill pinks hawks
(27:53 / Allies) shakyra: i tried
(27:56 / All) fuckingimpatien: I raped heroes this game
(28:05 / Allies) shakyra: just didnt have the gold at some point
(28:24 / All) fumbler: green
(28:29 / All) fumbler: suck my dick
(28:33 / All) fuckingimpatien: Suck mine bitch
(28:35 / All) EAMMAEATSON: lawl
(28:40 / All) fuckingimpatien: I dominate you every game
(28:43 / All) EAMMAEATSON: GREAT INSULT red
(28:58 / 8) fuckingimpatien: yel at pink expo
(29:01 / 8) fuckingimpatien: if you wanna rape him
(29:23 / Allies) shakyra: lame
(29:25 / Allies) shakyra: looks like im out
(30:03 / Allies) fuckingimpatien: sappers?
(30:21 / Allies) shakyra: peons
(30:28 / All) EAMMAEATSON: ur hp regen is too fast anwyays
(30:57 / 8) fuckingimpatien: undead shit annoying to spam stop
(31:26 / Allies) shakyra: what the fuck
(31:27 / Allies) shakyra: how did he know
(31:32 / All) EAMMAEATSON: lawl
(32:10 / All) fuckingimpatien: you can't even spam stop or use attack command on undead halls
(32:33 / Allies) shakyra: why is he ignoring you
(32:37 / Allies) fuckingimpatien: dunno man
(32:41 / Allies) shakyra: oh you're friends
(32:45 / Allies) fuckingimpatien: what?
(32:49 / Allies) fuckingimpatien: you're paranoid
(32:52 / Allies) shakyra: you killed my shaman for no reason
(32:53 / Allies) fuckingimpatien: dude
(32:55 / Allies) shakyra: and wouldnt fight him
(32:57 / Allies) fuckingimpatien: no I didn't
(33:03 / Allies) fuckingimpatien: bro you are paranoid dude
(33:05 / Allies) shakyra: its whatever
(33:07 / 5) KnifeInTheDark: where hake hero lol
(33:28 / 8) fuckingimpatien: don't see it anywhere
(33:37 / 8) fuckingimpatien: sure you didn't kill it?
(33:41 / 5) KnifeInTheDark: he suicided
(33:42 / Allies) shakyra: trying to figure out what the point of all of this is
(33:50 / Allies) fuckingimpatien: story of my life man
(33:54 / Allies) fuckingimpatien: what is the point to anything dude
(34:54 / All) KnifeInTheDark: was a fun game!!!!
(35:40 / All) fuckingimpatien: wow
(35:43 / All) fuckingimpatien: orb of corruption works on allies
(35:45 / All) fuckingimpatien: didn't realise that
(35:47 / All) fuckingimpatien: til now
(35:47 / Allies) shakyra: green what are you trying to accomplish?
(36:00 / All) KnifeInTheDark: yeh but I'm p sure lightning dont
(36:10 / All) fuckingimpatien: orb of corruption really is the best
(36:13 / All) fuckingimpatien: even works against allies
(36:15 / Allies) fuckingimpatien: dunno man
(36:19 / Allies) fuckingimpatien: I ask myself the same question every day
(36:23 / All) KnifeInTheDark: especially if you have range to focus
(37:08 / All) fuckingimpatien: 100 food undead armies are scary lawl
(37:09 / All) KnifeInTheDark: what gives you that idea yellow
(37:15 / All) fuckingimpatien: wish there were more decent players for me to use them on
(37:51 / Allies) fuckingimpatien: what is the point to anything man
(37:53 / Allies) fuckingimpatien: what's the point
(38:13 / Allies) fuckingimpatien: what's the point of it man
(38:15 / Allies) fuckingimpatien: yellow?
(38:20 / Allies) shakyra: ?
(38:25 / Allies) fuckingimpatien: what's the point of it all dude
(38:27 / Allies) shakyra: not sure why you got anything against me
(38:32 / Allies) shakyra: but go on
(38:34 / Allies) fuckingimpatien: what do you think the point of it all is
(38:37 / All) KnifeInTheDark: bitch get outta here
(38:39 / Allies) fuckingimpatien: what's the point of it all man